 Dungeon Crawl Stone Soup version 0.25.0-15-gac7dcb8919 (webtiles) character file.

Game seed: 12935857789405002788

385 Delamore the Cleaver (level 6, -3/51 HPs)
             Began as a Hill Orc Monk on June 29, 2020.
             Slain by a wraith (10 damage)
             ... in an ossuary.
             The game lasted 00:03:44 (4558 turns).

Delamore the Cleaver (Hill Orc Monk)                Turns: 4558, Time: 00:03:45

Health: -3/51      AC:  3    Str: 16    XL:     6   Next: 77%
Magic:  6/6        EV: 12    Int: 10    God:
Gold:   160        SH:  0    Dex: 13    Spells: 5/5 levels left

rFire    . . .     SeeInvis .   a - +0 hand axe
rCold    + . .     Gourm    .   (no shield)
rNeg     . . .     Faith    .   b - +0 robe
rPois    .         Spirit   .   e - +0 helmet
rElec    .         Reflect  .   (no cloak)
rCorr    .         Harm     .   (no gloves)
MR       .....                  (no boots)
Stlth    ++........             (no amulet)
HPRegen  0.17/turn              n - ring of protection from cold
MPRegen  0.10/turn              (no ring)

@: slowed, drained, very slow
A: no striking features
a: no special abilities


You were in an ossuary.
You were hungry.

You visited 1 branch of the dungeon, and saw 4 of its levels.
You also visited: Ossuary.

You collected 160 gold pieces.

Inventory:

Hand Weapons
 a - a +0 hand axe (weapon)
Missiles
 f - 4 poisoned darts (quivered)
Armour
 b - a +0 robe (worn)
 e - a +0 helmet (worn)
Jewellery
 n - a ring of protection from cold (left hand)
Scrolls
 g - 2 scrolls of identify
 i - a scroll of noise {unknown}
 j - a scroll of teleportation
 k - 2 scrolls of remove curse {unknown}
 m - 3 scrolls of fog {unknown}
 o - a scroll of enchant weapon {unknown}
 p - a scroll of fear {unknown}
Potions
 d - 2 potions of might
 h - a potion of invisibility {unknown}
 l - a potion of haste {unknown}
Comestibles
 c - 6 rations


   Skills:
 - Level 3.6(2.7) Fighting
 + Level 9.7(8.7) Axes
 - Level 2.4(1.5) Dodging
 - Level 1.5(0.7) Stealth


You had 5 spell levels left.
You didn't know any spells.
Your spell library was empty.

Dungeon Overview and Level Annotations

Branches:
Dungeon (4/15)            Ossuary (1/1)
 Temple: D:4-7

Altars:
Elyvilon
Vehumet
Yredelemnul

Portals:
Sewer: D:4


Message History

The wraith hits you. The wraith drains your vigour!
You feel yourself slow down.
You are feeling hungry.
You closely miss the wraith.
The wraith is lightly damaged.
The wraith misses you. The wraith hits you.
You hit the wraith but do no damage.
The wraith is lightly damaged.
The wraith closely misses you.
You hit the wraith.
The wraith is lightly damaged.
The wraith hits you but does no damage.
You barely miss the wraith.
The wraith is lightly damaged.
The wraith hits you!
* * * LOW HITPOINT WARNING * * *
The wraith drains your vigour!
You feel as though you will be slow longer.
The wraith hits you!
You die...

#.# #'# #.#
###.### #z▓.▓W#
###.### #.#
#######'#######
#.@...........#
#.W##.###.##+.#
#.#.#.# .# #.
##.# # #. ...
#. ... #. ##.!!
#. #.??


You could see a wraith.

Vanquished Creatures
  An ogre (D:2)
  A wight (Ossuary)
  Jessica (D:2)
  An orc wizard (D:3)
  Natasha (thrice) (D:2)
  4 adders
  An ooze (D:3)
  3 adder zombies (Ossuary)
  2 worms
  A dart slug (D:1)
  A leopard gecko (D:1)
  4 orcs
  2 ball pythons
  6 bats
  5 giant cockroaches
  12 goblins
  9 hobgoblins
  A ball python skeleton (Ossuary)
  3 frilled lizards
  3 hobgoblin zombies (Ossuary)
  7 kobolds
  A kobold zombie (Ossuary)
  A leopard gecko skeleton (D:3)
  8 rats
  A spectral orc (D:3)
82 creatures vanquished.

Notes
Turn   | Place    | Note
-------+----------+-------------------------------------------
     0 | D:1      | Delamore the Hill Orc Monk began the quest for the Orb.
     0 | D:1      | Reached XP level 1. HP: 19/19 MP: 1/1
    97 | D:1      | Reached XP level 2. HP: 12/26 MP: 2/2
   490 | D:1      | Reached skill level 5 in Axes
  1043 | D:1      | Reached XP level 3. HP: 31/31 MP: 3/3
  1695 | D:2      | Reached skill level 6 in Axes
  1792 | D:2      | Noticed Natasha
  1801 | D:2      | Killed Natasha
  1801 | D:2      | Reached XP level 4. HP: 25/39 MP: 4/4
  1910 | D:2      | Found a radiant altar of Vehumet.
  2164 | D:2      | Noticed Natasha
  2175 | D:2      | Killed Natasha
  2175 | D:2      | Reached skill level 7 in Axes
  2374 | D:2      | Noticed Jessica
  2384 | D:2      | Killed Jessica
  2384 | D:2      | Reached XP level 5. HP: 28/45 MP: 5/5
  2569 | D:2      | Noticed Natasha
  2583 | D:2      | Killed Natasha
  2726 | D:2      | Found a white marble altar of Elyvilon.
  2894 | D:2      | Noticed an ogre
  2913 | D:2      | Killed an ogre
  2913 | D:2      | Reached skill level 8 in Axes
  2913 | D:2      | Reached XP level 6. HP: 17/51 MP: 6/6
  3545 | D:3      | Reached skill level 9 in Axes
  4137 | D:3      | Found a basalt altar of Yredelemnul.
  4293 | D:4      | Found a glowing drain.
  4306 | D:4      | Found a sand-covered staircase.
  4310 | Ossuary  | Entered an ossuary
  4537 | Ossuary  | Noticed a flying skull
  4537 | Ossuary  | Noticed a wraith
  4549 | Ossuary  | Noticed a wraith
  4558 | Ossuary  | Slain by a wraith

Illustrated notes

Levels and vault maps discovered:
D:1:      sevenhm_arrival_forest_fort_small_3, layout_basic,
          kennysheep_nondescript
D:2:      minmay_evil_eye, layout_basic, elyvilon_altar_1, lemuel_round_altar,
          uniq_jessica, uniq_natasha
D:3:      layout_loops_ring, yredelemnul_forgotten_temple_becter, first_ration
D:4:      layout_loops_ring, lemuel_doored_altar, overflow_temple_1_default,
          gup_sewer_entry_glass, nicolae_ossuary_entry_false_entrances
Ossuary:  ossuary_due_cavern

Skill      XL: |  1  2  3  4  5  6 |
---------------+-------------------+-----
Axes           | 5 6 7 8 9 |  9.7
Fighting       | |  3.6
Dodging        | |  2.4
Stealth        | |  1.5

Action                   |  1- 3 |  4- 6 || total
-------------------------+-------+-------++-------
Melee: Hand axe          |    82 |   191 ||   273
Throw: Dart              |       |     7 ||     7
  Use: Potion            |     1 |       ||     1
       Scroll            |       |     3 ||     3
 Stab: Sleeping          |     1 |     7 ||     8
  Eat: Chunk             |     3 |     8 ||    11
Armor: Robe              |    22 |    26 ||    48
Dodge: Dodged            |    66 |   122 ||   188
